 Dungeon Crawl Stone Soup version 0.25.1-1-g288607f5aa (webtiles) character file.

Game seed: 7849938490665393241

6661 Curus the Bludgeoner (level 10, -1/76 (77) HPs)
             Began as a Minotaur Abyssal Knight on July 26, 2020.
             Was a High Priest of Lugonu.
             Shot with a bolt by an orc knight (21 damage)
             ... on level 9 of the Dungeon on July 27, 2020.
             The game lasted 00:47:23 (10492 turns).

Curus the Bludgeoner (Minotaur Abyssal Knight)     Turns: 10492, Time: 00:47:23

HP:   -1/76 (77)    AC: 16    Str: 16    XL:     10   Next: 73%
MP:   16/16         EV:  6    Int:  9    God:    Lugonu [*****.]
Gold: 319           SH:  7    Dex: 14    Spells: 9/9 levels left

rFire    + . .     SeeInvis .   B - +0 morningstar (flame)
rCold    . . .     Gourm    .   r - +0 kite shield
rNeg     . . .     Faith    +   j - +1 plate armour
rPois    .         Spirit   .   (helmet restricted)
rElec    .         Reflect  .   L - scarf {harm}
rCorr    .         Harm     +   d - +2 pair of gloves
MR       .....                  E - +0 pair of boots
Stlth    ..........             C - amulet of faith
HPRegen  0.22/turn              e - +4 ring of evasion
MPRegen  0.15/turn              F - ring of protection from fire

@: mighty
A: retaliatory headbutt, horns 2
a: Depart the Abyss, Bend Space, Banish, Corrupt, Enter the Abyss, Renounce
Religion


You were on level 9 of the Dungeon.
You worshipped Lugonu.
Lugonu was extremely pleased with you.
You were hungry.

You visited 1 branch of the dungeon, and saw 9 of its levels.
You visited the Abyss 1 time.
You also visited: Sewer and Bailey.

You collected 481 gold pieces.
You spent 162 gold pieces at shops.

Inventory:

Hand Weapons
 a - a +1 mace
 i - a +0 vampiric whip
 n - a +1 flail
 s - a +4 flail of protection
 B - a +0 morningstar of flaming (weapon)
Armour
 b - a +0 leather armour
 d - a +2 pair of gloves (worn)
 j - a +1 plate armour (worn)
 l - a +1 scale mail
 r - a +0 kite shield (worn)
 v - a +0 cloak
 y - a +0 pair of gloves
 E - a +0 pair of boots (worn)
 L - a scarf of harm (worn)
Jewellery
 e - a +4 ring of evasion (left hand)
 k - an uncursed ring of teleportation
 t - an uncursed ring of protection from fire
 z - an uncursed ring of wizardry
 C - an amulet of faith (around neck)
 F - a ring of protection from fire (right hand)
 H - an uncursed ring of resist corrosion
Wands
 o - a wand of acid (2)
 q - a wand of flame (27)
 A - a wand of iceblast (9)
Scrolls
 g - 2 scrolls of fog
 h - 9 scrolls of identify
 m - 6 scrolls of remove curse
 x - 2 scrolls of amnesia
 D - 2 scrolls of teleportation
 I - 3 scrolls of enchant armour
 K - a scroll of magic mapping
Potions
 f - 6 potions of might
 p - 7 potions of curing
 u - 3 potions of brilliance
 w - 2 potions of stabbing
 J - 2 potions of heal wounds
Comestibles
 c - 16 rations


   Skills:
 - Level 3.6 Fighting
 * Level 15.0 Maces & Flails
 - Level 2.4 Armour
 - Level 1.1 Dodging
 - Level 10.0 Invocations


You had 9 spell levels left.
You didn't know any spells.
Your spell library contained the following spells:

 Spells                   Type           Power        Failure   Level  Hunger
 Apportation              Tloc           #.....       100%        1    ##.....
 Summon Butterflies       Summ           #.......     100%        1    ##.....
 Lesser Beckoning         Tloc           #.........   100%        3    ####...
 Tukima's Dance           Hex            #.......     100%        3    ####...
 Alistair's Intoxication  Tmut/Pois      #.......     100%        5    ######.
 Invisibility             Hex            #.......     100%        6    #######


Dungeon Overview and Level Annotations

Branches:
Dungeon (9/15)             Temple (0/1) D:6           Sewer (visited)
 Bailey (visited)
   Lair: D:8-11         Orc: D:9-12

Altars:
Ashenzari
Cheibriados
Dithmenos
Makhleb
Qazlal
Ru
Uskayaw
Vehumet
Wu Jian
Yredelemnul
The Shining One

Shops:
D:6 (


Innate Abilities, Weirdness & Mutations

You reflexively headbutt those who attack you in melee.
You have a pair of horns on your head.


Message History

The weapon returns to the orc!
The orc warrior hits you with a +0 glaive!
You puncture the orc warrior! You burn the orc warrior.
The orc warrior is heavily wounded.
You hit the orc knight but do no damage.
The orc closely misses you.
The orc warrior hits you with a +0 glaive!
The orc knight unwields a +1 arbalest of flaming.
It stops flaming.
The orc knight wields a +2 long sword.
The orc knight hits you with a +2 long sword!!
You feel very mighty all of a sudden. You block the orc warrior's attack.
You barely miss the orc knight. You headbutt the orc knight!
The orc knight is lightly wounded.
The orc warrior hits you from afar with a +0 glaive!
* * * LOW HITPOINT WARNING * * *
The orc knight unwields a +2 long sword.
The orc knight wields a +1 arbalest of flaming.
It bursts into flame!
The orc knight shoots a bolt.
The bolt hits you!!
You die...

..#...#.#(..#
######.#.[.#.#...#
[...(#.#..'#.#'..#
##(..##.####..(####...
(...(#......#........
##...##.####...####... ....
#.#..'#.#)..#
#.###o###.#(..#.#.).#
#....oo.@.#...#)#.[(# .
#####.#########.#########
#..........................
#<.....#+############.....#
##+####...................#
...........###....#....#
...........#.....###....
...........#.##..###..##
###........#.###..#..###


You could see an orc knight, an orc warrior (strong) and an orc (strong).

Vanquished Creatures
  Pikel (D:6)
  A cyclops (D:9)
  A centaur zombie (D:7)
  A kobold demonologist (D:9)
  Maggie (D:6)
  A troll (D:9)
  A wraith (D:9)
  Eustachio (D:6)
  A spriggan (D:8)
  Sigmund (D:2)
  2 hungry ghosts
  Menkaure (D:4)
  2 ice beasts
  4 slaves (D:6)
  5 orc warriors
  A sky beast (D:6)
  3 black bears
  An ogre (D:5)
  3 centaurs
  2 necrophages
  3 big kobolds (Sewer)
  2 bullfrogs
  A gnoll sergeant (D:5)
  7 scorpions
  4 killer bees (D:8)
  2 howler monkeys
  2 bullfrog zombies (D:6)
  2 crimson imps
  2 hounds
  4 orc priests
  2 centaur skeletons
  10 orc wizards
  3 iguanas
  3 worker ants
  A killer bee zombie (D:9)
  Robin (D:3)
  7 gnolls
  A howler monkey skeleton (D:4)
  13 adders
  9 river rats (Sewer)
  An ooze (D:5)
  2 adder skeletons
  2 worms
  3 dart slugs
  2 leopard geckos (D:1)
  19 orcs
  9 bats
  13 giant cockroaches
  18 goblins
  11 hobgoblins
  14 jackals
  20 kobolds
  3 quokkas
  5 ball pythons
  8 frilled lizards
  A quokka skeleton (D:6)
  25 rats
269 creatures vanquished.

Notes
Turn   | Place    | Note
-------+----------+-------------------------------------------
     0 | Abyss:1  | Curus the Minotaur Abyssal Knight began the quest for the
                  | Orb.
     0 | Abyss:1  | Reached XP level 1. HP: 19/19 MP: 1/1
    53 | Abyss:1  | Noticed a quasit
    57 | D:1      | Escaped the Abyss
   194 | D:1      | Reached * piety under Lugonu
   199 | D:1      | Reached skill level 3 in Maces & Flails
   199 | D:1      | Reached XP level 2. HP: 26/26 MP: 2/2
   414 | D:1      | Reached XP level 3. HP: 31/31 MP: 2/4
   959 | D:2      | Reached skill level 4 in Maces & Flails
   989 | D:2      | Reached XP level 4. HP: 39/39 MP: 5/5
  1004 | D:2      | Reached ** piety under Lugonu
  1342 | D:2      | Noticed Sigmund
  1348 | D:2      | Killed Sigmund
  1348 | D:2      | Reached skill level 5 in Maces & Flails
  1348 | D:2      | Reached XP level 5. HP: 38/45 MP: 5/7
  1458 | D:3      | Reached XP level 6. HP: 51/51 MP: 8/8
  1472 | D:3      | Reached skill level 6 in Maces & Flails
  1655 | D:3      | Noticed Robin
  1663 | D:3      | Reached skill level 5 in Invocations
  1665 | D:3      | Killed Robin
  1685 | D:3      | Reached *** piety under Lugonu
  2684 | D:4      | Found a glowing golden altar of the Shining One.
  2684 | D:4      | You fall into a shaft and drop 3 floors!
  2697 | D:7      | Reached XP level 7. HP: 48/57 MP: 10/10
  2819 | D:7      | Reached skill level 7 in Maces & Flails
  2915 | D:7      | Noticed a hungry ghost
  2923 | D:7      | Reached skill level 8 in Maces & Flails
  2936 | D:7      | Killed a hungry ghost
  2936 | D:7      | Reached XP level 8. HP: 62/64 MP: 12/12
  3091 | D:7      | Found a burning altar of Makhleb.
  3091 | D:7      | Noticed an Executioner
  3131 | D:7      | Found a flagged portal.
  3146 | Bailey   | Entered a bailey
  3634 | D:7      | Reached skill level 9 in Maces & Flails
  3898 | D:6      | Found a hide-covered altar of Uskayaw.
  3905 | D:6      | Found a staircase to the Ecumenical Temple.
  3905 | D:6      | Noticed Eustachio
  3939 | D:6      | Killed Eustachio
  4240 | D:6      | Found Houppueb's Antique Weapon Shoppe.
  4305 | D:6      | Bought a glowing flail for 162 gold pieces
  4350 | D:6      | Noticed Pikel
  4363 | D:6      | Killed Pikel
  4363 | D:6      | Reached skill level 10 in Maces & Flails
  4363 | D:6      | Reached XP level 9. HP: 64/70 MP: 14/14
  4457 | D:6      | Found a glowing drain.
  4469 | Sewer    | Entered a sewer
  4515 | Sewer    | Reached **** piety under Lugonu
  4927 | Sewer    | Reached skill level 11 in Maces & Flails
  5466 | D:5      | Entered Level 5 of the Dungeon
  5516 | D:5      | Found a radiant altar of Vehumet.
  5577 | D:5      | Found a snail-covered altar of Cheibriados.
  5577 | D:5      | Found a basalt altar of Yredelemnul.
  5797 | D:4      | Found a stormy altar of Qazlal.
  5917 | D:4      | Noticed Menkaure
  5928 | D:4      | Killed Menkaure
  7151 | D:6      | Noticed Maggie
  7166 | D:6      | Killed Maggie
  7166 | D:6      | Reached skill level 12 in Maces & Flails
  7682 | D:6      | Found a sacrificial altar of Ru.
  7750 | D:6      | Reached ***** piety under Lugonu
  7766 | D:6      | Reached XP level 10. HP: 59/77 MP: 16/16
  8238 | D:7      | Found an ornate altar of the Wu Jian Council.
  8301 | D:7      | Reached skill level 10 in Invocations
  8662 | D:8      | Found a shattered altar of Ashenzari.
  8723 | D:8      | Found a shattered altar of Ashenzari.
  8888 | D:8      | Reached skill level 13 in Maces & Flails
  9842 | D:9      | Found a shadowy altar of Dithmenos.
  9907 | D:9      | Reached skill level 14 in Maces & Flails
 10224 | D:9      | Noticed a cyclops
 10231 | D:9      | Killed a cyclops
 10430 | D:9      | Reached skill level 15 in Maces & Flails
 10481 | D:9      | Noticed an orc knight
 10492 | D:9      | Shot with a bolt by an orc knight

Illustrated notes

Levels and vault maps discovered:
D:1:      nzn_arrival_crosshair, layout_rooms, minmay_tree_intersection
D:2:      layout_rooms, first_ration, uniq_sigmund
D:3:      layout_basic, uniq_robin
D:4:      layout_cave_pools, nicolae_qazlal_general_emergency, serial_glass,
          glass_columns_a, glass_columns_b, lemuel_tele_altar, uniq_menkaure
D:5:      layout_basic, gammafunk_temple_overflow_elements,
          vehumet_altar_wand_db
D:6:      layout_basic, nicolae_ru_the_path_less_chosen, kennysheep_mini_moat,
          minmay_temple_entry_stoned_glass, portal_sewer_entry_d, serial_shops,
          shop, uniq_eustachio, uniq_maggie, uniq_pikel
D:7:      layout_basic, makhleb_altar_promises_db, lemuel_crystal_altar,
          enter_bailey_3
D:8:      layout_loops_ring, old_standard_altar, basic_altar, grunt_pizzeria
D:9:      minmay_the_grid_3x2 [minmay_the_grid_odd_star,
          minmay_the_grid_tiny_cups, minmay_the_grid_minigrid_small,
          minmay_the_grid_empty, minmay_the_grid_armoury,
          minmay_the_grid_prize_four_corners], layout_stronghold,
          kennysheep_little_box, lemuel_doored_altar,
          nicolae_dithmenos_shadow_blocks, uniq_psyche

Skill      XL: |  1  2  3  4  5  6  7  8  9 10 |
---------------+-------------------------------+-----
Invocations    | 2 3 4 5 6 8 9 10 | 10.0
Maces & Flails | 3 4 5 6 8 10 12 15 | 15.0
Fighting       | |  3.6
Armour         | |  2.4
Dodging        | |  1.1

Action                   |  1- 3 |  4- 6 |  7- 9 | 10-12 || total
-------------------------+-------+-------+-------+-------++-------
Melee: Mace              |    70 |       |       |       ||    70
       Headbutt          |    10 |    33 |    96 |    28 ||   167
       Whip              |    20 |   101 |       |       ||   121
       Flail             |       |    97 |   374 |       ||   471
       Morningstar       |       |       |    42 |   174 ||   216
Invok: Depart the Abyss  |     1 |       |       |       ||     1
Evoke: Wand              |       |       |     2 |     1 ||     3
  Use: Scroll            |     5 |     5 |     5 |     3 ||    18
       Potion            |     3 |     3 |     7 |     3 ||    16
  Eat: Chunk             |       |     6 |    11 |     2 ||    19
       Ration            |       |       |     3 |     3 ||     6
Armor: Leather armour    |    27 |     7 |       |       ||    34
       Scale mail        |       |    43 |    46 |       ||    89
       Plate armour      |       |       |   212 |    69 ||   281
Dodge: Dodged            |    86 |   140 |   160 |    30 ||   416
Block: Kite shield       |       |       |   131 |    44 ||   175
